 Dungeon Crawl Stone Soup version 0.28.0-49-g6dfe1f597d (webtiles) character file.

Game seed: 1326369535161976056

704 Gabide the Insei (level 7, -1/52 HPs)
             Began as a Djinni Delver on May 18, 2022.
             Was a High Priest of Ignis.
             Slain by a centaur skeleton (2 damage)
             ... on level 5 of the Dungeon.
             The game lasted 00:15:38 (7576 turns).

Gabide the Insei (Djinni Delver)                    Turns: 7576, Time: 00:15:39

Health: -1/52      AC:  5    Str: 11    XL:     7   Next: 99%
Gold:   174        EV: 13    Int: 19    God:    Ignis [*****.] SH:  0 Dex: 15

rFire   + + +      SeeInvis .   l - staff of fire
rCold   x . .      Faith    .   (no shield)
rNeg    . . .      Spirit   .   a - +0 leather armour
rPois   ∞          Reflect  .   (helmet restricted)
rElec   .          Harm     .   (no cloak)
rCorr   .          Rampage  .   q - +1 pair of gloves
Will    .....                   (boots unavailable)
Stlth   +++.......              (no amulet)
HPRegen 0.17/turn               p - +6 ring of intelligence
MPRegen 0.00/turn               (no ring)

@: about to teleport, flying
A: sickness immunity, fire resistance 2, cold vulnerability 1, float, innate
caster, HP casting, extra vitality 1, horns 1
a: Renounce Religion, Fiery Armour, Foxfire Swarm, Rising Flame


You were on level 5 of the Dungeon.
You worshipped Ignis.
Ignis was extremely pleased with you.
You visited 1 branch of the dungeon, and saw 5 of its levels.

You collected 174 gold pieces.

Inventory:

Hand Weapons
 g - a +3 mace of venom
Armour
 a - a +0 leather armour (worn)
 j - a +0 ring mail
 q - a +1 pair of gloves (worn)
Magical Staves
 l - a staff of fire (weapon)
Jewellery
 p - a +6 ring of intelligence (left hand)
Wands
 f - a wand of digging (3)
Scrolls
 b - a scroll of fog
 c - a scroll of magic mapping
 h - a scroll of vulnerability
Potions
 e - 2 potions of attraction
 i - a potion of degeneration
Miscellaneous
 r - a piece from Xom's chessboard (11/15)


   Skills:
 - Level 4.0 Fighting
 * Level 4.6 Armour
 - Level 4.0 Dodging
 - Level 4.5 Stealth
 + Level 5.0 Unarmed Combat


You couldn't memorise any spells.
You knew the following spells:

 Your Spells              Type           Power      Damage    Failure   Level
a - Slow                  Hex            0%         N/A       26%         1
b - Scorch                Fire           0%         2d5       36%         2
c - Ozocubu's Armour      Ice            0%         N/A       61%         3
Your spell library was empty.

Dungeon Overview and Level Annotations

Branches:
Dungeon (5/15)             Temple (0/1) D:4

Altars:
Qazlal
Ignis

Annotations:
D:4 3 runed translucent doors, jaiteiro's ghost, novice GnCj
D:5 2 transporters, exclusions: scorpion, sky beast and water moccasin


Innate Abilities, Weirdness & Mutations

You are immune to sickness and miasma.
You are immune to poison.
Your flesh is very heat resistant. (rF++)
You are vulnerable to cold. (rC-)
You float through the air rather than walking.
You learn spells naturally, not from books.
Your magical power is your life essence.
You have superior vitality. (+4 MHP)
You have a pair of small horns on your head.


Message History

Confirm with . or Enter, or press ? or * to list all spells.
You feel a surge of power!
Flames lash the scorpion but do no damage.
* * * LOW HITPOINT WARNING * * *
The scorpion stings you.
* * * LOW HITPOINT WARNING * * *
As you read the scroll of fear, it crumbles to dust.
You assume a fearsome visage.
The scorpion looks frightened!
Your magical contamination has completely faded away.
That's the wrong kind of item! (Use * to select it.) Evoke which item? (* to show all) (? for menu, Esc to quit)
You don't have any such object.
Evoke which item? (* to show all) (? for menu, Esc to quit)
Okay, then.
You make a move on Xom's chessboard...
Your attack snaps the scorpion out of its fear.
The scorpion is moving more slowly.
Casting: Scorch (dangerous; 36% risk of failure)
Confirm with . or Enter, or press ? or * to list all spells.
You feel a surge of power!
Flames lash the centaur skeleton.
The centaur skeleton is moderately damaged.
The centaur skeleton's fire resistance burns away.
* * * LOW HITPOINT WARNING * * *
Okay, then.
As you read the scroll labelled REZUALUIRPH, it crumbles to dust.
It is a scroll of enchant armour.
Your +0 pair of gloves glows green for a moment.
The scorpion is no longer more vulnerable to fire.
The centaur skeleton closely misses you. x2
Press: ? - help, v - describe, . - travel
Here: a centaur skeleton (moderately damaged, more vulnerable to fire)
The floor.
Unknown command.
Unknown command.
The centaur skeleton is no longer more vulnerable to fire.
The centaur skeleton barely misses you. The centaur skeleton kicks you.
* * * LOW HITPOINT WARNING * * *
As you read the scroll of teleportation, it crumbles to dust.
You feel strangely unstable. The centaur skeleton hits you.
You die...

#.# #.# #.....#
#.#####.#####.....#
#.##........'.....'
#.##.##.#####.....#
#.##.##.#####.....#
#.##.##.....'<....#
#.##.########.....#
####.##>..............
#...Z@................
#..####+#######'#####.
#.## #.....###. #.###
##.....##. #.#.##
##.....#. #.#..##
##....#. #.)...##
##...'.
##.#....####+### ##..#.
#..#.....#.....#)###.#.


You could see a centaur skeleton.

Vanquished Creatures
  Menkaure (D:5)
  An ice beast (D:5)
  A scorpion (D:5)
  2 orc priests (D:5)
  A hound (D:4)
  A centaur skeleton (D:5)
  A gnoll shaman (D:4)
  An orc wizard (D:5)
  A hound skeleton (D:5)
  7 gnolls
  9 adders
  A dart slug (D:3)
  4 worms
  4 orcs
  3 endoplasms
  12 goblins
  4 hobgoblins (D:1)
  8 jackals
  8 kobolds
  6 quokkas
  6 ball pythons
  3 bats (D:1)
  4 frilled lizards
89 creatures vanquished.

Notes
Turn   | Place    | Note
-------+----------+-------------------------------------------
     0 | D:5      | Gabide the Djinni Delver began the quest for the Orb.
     0 | D:5      | Reached XP level 1. HP: 20/20 MP: 0/0
    35 | D:5      | Noticed a sky beast
    59 | D:5      | Noticed a scorpion
   209 | D:5      | Noticed a water moccasin
   249 | D:5      | Noticed a killer bee
   251 | D:5      | Noticed a killer bee
   256 | D:5      | Noticed a killer bee
   269 | D:5      | Noticed a killer bee
   270 | D:5      | Noticed a killer bee
   272 | D:5      | Found a transporter.
   276 | D:5      | Noticed a killer bee
   294 | D:5      | Reached XP level 2. HP: 8/25 MP: 0/0
   294 | D:5      | Reached XP level 3. HP: 10/30 MP: 0/0
   294 | D:5      | Learned a level 1 spell: Slow
   493 | D:5      | Noticed a water moccasin
   493 | D:5      | Noticed an ice beast
   498 | D:5      | Found a transporter.
   498 | D:5      | Noticed a killer bee
   570 | D:4      | Reached XP level 4. HP: 26/35 MP: 0/0
  1074 | D:3      | Found a faded altar of an unknown god.
  1138 | D:3      | Prayed at the altar of an unknown god.
  1138 | D:3      | Became a worshipper of Ignis, the Dying Flame
  1492 | D:2      | Reached XP level 5. HP: 34/41 MP: 0/0
  1492 | D:2      | Learned a level 2 spell: Scorch
  1571 | D:2      | Reached skill level 3 in Unarmed Combat
  4923 | D:2      | Reached XP level 6. HP: 47/47 MP: 0/0
  5229 | D:2      | You are sucked into a shaft and drop 2 floors!
  5476 | D:4      | Reached skill level 1 in Armour
  5816 | D:4      | Found a staircase to the Ecumenical Temple.
  5856 | D:4      | Reached skill level 4 in Unarmed Combat
  6105 | D:4      | Found a runed translucent gate.
  6108 | D:4      | Found a runed translucent gate.
  6108 | D:4      | Found a runed translucent gate.
  6110 | D:4      | Noticed jaiteiro's ghost (novice GnCj)
  6524 | D:5      | Noticed Menkaure
  6534 | D:5      | Killed Menkaure
  6535 | D:5      | Reached XP level 7. HP: 30/52 MP: 0/0
  6535 | D:5      | Learned a level 3 spell: Ozocubu's Armour
  6994 | D:5      | Found a stormy altar of Qazlal.
  7042 | D:5      | Gained mutation: You have a pair of small horns on your
                  | head. [potion of mutation]
  7545 | D:5      | Reached skill level 5 in Unarmed Combat
  7559 | D:5      | HP: 2/52 [scorpion (5)]
  7573 | D:5      | HP: 1/52 [centaur skeleton (1)]
  7576 | D:5      | Slain by a centaur skeleton

Illustrated notes

Levels and vault maps discovered:
D:1:      dpeg_arrival_refuge, layout_loops_corners, minmay_ruptured
D:2:      layout_rooms, kennysheep_generic_room_2
D:3:      layout_basic, ebering_ecumenical_altar_rust, kennysheep_pointless_box,
          roderic_lattice_a
D:4:      layout_loops_ring, minmay_temple_entry_slanted,
          gammafunk_ghost_necromancy, minmay_checkerbox
D:5:      layout_basic, mainiacjoe_overflow_brackets, gammafunk_ghost_hive,
          kennysheep_cross_bottleneck, grunt_decor_mini_mirrors,
          grunt_decor_junction, minmay_quadrilaterals, uniq_menkaure

Skill      XL: |  1  2  3  4  5  6  7 |
---------------+----------------------+-----
Dodging        | 3 4 |  4.0
Unarmed Combat | 3 4 5 |  5.0
Fighting       | 4 |  4.0
Armour         | 3 4 |  4.6
Stealth        | |  4.5

Action                   |  1- 3 |  4- 6 |  7- 9 || total
-------------------------+-------+-------+-------++-------
Melee: Mace              |    12 |   131 |       ||   143
       Punch             |     1 |     9 |       ||    10
       Unarmed           |     1 |   220 |    11 ||   232
 Cast: Slow              |       |     8 |       ||     8
       Scorch            |       |     3 |    29 ||    32
Evoke: Piece from Xom's  |       |       |     4 ||     4
  Use: Potion            |       |     3 |     2 ||     5
       Scroll            |       |     7 |     4 ||    11
 Stab: Sleeping          |     1 |     6 |       ||     7
Armor: Leather armour    |     9 |    83 |     7 ||    99
       Skin              |       |     2 |     6 ||     8
Dodge: Dodged            |    15 |   225 |    16 ||   256
